 Dungeon Crawl Stone Soup version 0.30.1-9-gdf580d7c3d (webtiles) character file.

Game seed: 7776351376875138713

2771 lonewolfV2 the Fighter (level 9, -4/78 HPs)
             Began as a Demonspawn Fighter on Oct 24, 2023.
             Was an Initiate of Dithmenos.
             Slain by a fire elemental (6 damage)
             ... summoned by a deep elf pyromancer
             ... on level 7 of the Dungeon.
             The game lasted 00:13:09 (8843 turns).

lonewolfV2 the Fighter (Demonspawn Fighter)         Turns: 8843, Time: 00:13:10

Health: -4/78      AC: 23    Str: 24    XL:     9   Next: 42%
Magic:  9/9        EV:  9    Int: 10    God:    Dithmenos [......]
Gold:   468        SH:  6    Dex: 15    Spells: 8/8 levels left

rFire   . . .        m - +5 morningstar
rCold   . . .        c - +0 buckler
rNeg    . . .        b - +1 scale mail
rPois   .            (helmet restricted)
rElec   .            f - +0 cloak
rCorr   .            (no gloves)
SInv    .            r - +2 pair of boots {Fly}
Will    .....        (no amulet) Stlth
                     e - +6 ring of strength
HPRegen 0.33/turn    (no ring)
MPRegen 0.11/turn

%: no passive effects
@: on fire, sanguine armoured, flying, glowing
A: horns 1, sanguine armour 3
a: Renounce Religion


You were on level 7 of the Dungeon.
You worshipped Dithmenos.
Dithmenos was noncommittal.
You visited 2 branches of the dungeon, and saw 8 of its levels.

You collected 468 gold pieces.

Inventory:

Hand Weapons
 a - a +0 war axe
 h - a +4 battleaxe of freezing
 m - a +5 morningstar (weapon)
Armour
 b - a +1 scale mail (worn)
 c - a +0 buckler (worn)
 f - a +0 cloak (worn)
 n - a +0 robe of cold resistance
 r - a +2 pair of boots of flying (worn)
Jewellery
 e - a +6 ring of strength (left hand)
Wands
 j - a wand of mindburst (8) (quivered)
Scrolls
 l - a scroll of enchant armour
 o - a scroll of amnesia
 p - 3 scrolls of identify
Potions
 d - 3 potions of might
 g - a potion of invisibility
 i - 3 potions of degeneration
 k - a potion of attraction
 q - a potion of lignification


   Skills:
 * Level 9.7 Fighting
 - Level 4.1(5.0) Axes
 + Level 4.3(5.1) Maces & Flails
 - Level 2.7 Armour
 + Level 6.5 Shields


You had 8 spell levels left.
You didn't know any spells.
Your spell library contained the following spells:

 Spells                   Type           Power      Damage    Failure   Level
 Shock                    Conj/Air       0%         1d3       73%         1
 Lesser Beckoning         Tloc           0%         N/A       86%         2
 Gell's Gravitas          Tloc           0%         N/A       97%         3
 Swiftness                Air            0%         N/A       97%         3
 Teleport Other           Tloc           0%         N/A       97%         3
 Airstrike                Air            0%         2d(0-16)  100%        4
 Fireball                 Conj/Fire      0%         3d3       100%        5
 Iskenderun's Battlesphe  Conj           0%         2d6       100%        5
 Conjure Ball Lightning   Conj/Air       0%         3x3d6     100%        6
 Orb of Destruction       Conj           0%         9d5       100%        7


Dungeon Overview and Level Annotations

Branches:
Dungeon (7/15)             Temple (1/1) D:7

Altars:
Ashenzari
Cheibriados
Dithmenos
Fedhas
Gozag
Hepliaklqana
Kikubaaqudgha
Nemelex Xobeh
Okawaru
Qazlal
Ru
Sif Muna
Trog
Uskayaw
Vehumet
Wu Jian
Xom
Yredelemnul

Shops:
D:4 [!

Annotations:
D:5 3 runed translucent doors, rundlesten's ghost, novice OpHW
D:6 2 transporters, booth's ghost, novice HOMo


Innate Abilities, Weirdness & Mutations

You have a pair of small horns on your head.
When seriously injured, your blood forms very thick armour. (AC +12)


Message History

The deep elf pyromancer is heavily wounded.
The deep elf pyromancer gestures wildly while chanting.
The deep elf pyromancer blinks!
The fire elemental hits you. The fire elemental burns you!
The fire elemental hits you. The fire elemental burns you!
Your blood congeals into armour.
You see here a +0 shortbow.
The deep elf pyromancer gestures wildly while chanting.
You see here a bullfrog corpse.
The deep elf pyromancer hits you but does no damage.
The fire elemental barely misses you.
You hit the deep elf pyromancer.
The deep elf pyromancer is heavily wounded.
The fire elemental hits you. The fire elemental burns you!
You block the fire elemental's attack.
The deep elf pyromancer gestures wildly while chanting.
You block the fire elemental's attack.
You hit the deep elf pyromancer. You headbutt the deep elf pyromancer.
The deep elf pyromancer is severely wounded.
The fire elemental closely misses you. The fire elemental hits you.
The fire elemental burns you!
The deep elf pyromancer points at you and mumbles some strange words.
The sticky flame hits you but does no damage.
You are covered in liquid flames!
The fire elemental hits you. The fire elemental burns you!
The fire elemental hits you. The fire elemental burns you!
The fire elemental hits you. The fire elemental burns you!
You closely miss the deep elf pyromancer.
The deep elf pyromancer is severely wounded.
You are covered in liquid flames!
* * * LOW HITPOINT WARNING * * *
The fire elemental barely misses you.
The deep elf pyromancer hits you with a +0 rapier.
* * * LOW HITPOINT WARNING * * *
The fire elemental hits you. The fire elemental burns you!
* * * LOW HITPOINT WARNING * * *
The fire elemental hits you. The fire elemental burns you!
* * * LOW HITPOINT WARNING * * *
The fire elemental hits you. The fire elemental burns you!
You die...

#.## #..##.... #.#
#..# ##.# #.# #..#
.# #..# # .... #
#### ###.##### #
......E.######....
>.....e@E)°..>....
.....##E######....
.#... #.# # #.#
#.# # #.# #.# #+#
#.##.###.# #.#
#........# #.#####
####.##### ......#
#.#


You could see a deep elf pyromancer and 3 fire elementals.

Vanquished Creatures
  A steam dragon (D:6)
  An acid dragon (D:7)
  A water moccasin (D:6)
  2 ice beasts
  A sky beast (D:7)
  4 centaurs
  An ogre (D:5)
  A phantom (D:6)
  A kobold brigand (D:7)
  Blork the orc (D:5)
  3 bullfrogs
  2 scorpions
  A gnoll sergeant (D:6)
  8 wights
  A howler monkey (D:7)
  2 gnoll boudas
  5 hounds
  3 sleepcaps
  3 iguanas
  Natasha (twice) (D:3)
  An orc wizard (D:7)
  11 gnolls
  7 adders
  A shadow imp (D:6)
  A white imp (D:7)
  An ufetubus (D:5)
  2 worms (D:4)
  3 dart slugs
  11 orcs
  7 endoplasms
  5 giant cockroaches
  4 goblins
  8 hobgoblins
  4 jackals (D:2)
  11 kobolds
  4 quokkas
  9 ball pythons
  8 bats
  3 frilled lizards
  6 rats
151 creatures vanquished.

Vanquished Creatures (others)
  An orc wizard (D:7)
1 creature vanquished.

Grand Total: 152 creatures vanquished

Notes
Turn   | Place    | Note
-------+----------+-------------------------------------------
     0 | D:1      | lonewolfV2 the Demonspawn Fighter began the quest for the
                  | Orb.
     0 | D:1      | Reached XP level 1. HP: 18/18 MP: 1/1
   174 | D:1      | Gained mutation: When seriously injured, your blood forms
                  | armour. (AC +12) [demonic ancestry]
   174 | D:1      | Reached XP level 2. HP: 24/24 MP: 2/2
   746 | D:1      | Reached XP level 3. HP: 29/29 MP: 3/3
  1411 | D:2      | Found an ancient bone altar of Kikubaaqudgha.
  1449 | D:2      | Reached skill level 4 in Fighting
  1780 | D:3      | Gained mutation: When seriously injured, your blood forms
                  | thick armour. (AC +12) [demonic ancestry]
  1780 | D:3      | Reached XP level 4. HP: 37/37 MP: 4/4
  1951 | D:3      | Noticed Natasha
  1960 | D:3      | Killed Natasha
  2244 | D:3      | Noticed Natasha
  2252 | D:3      | Killed Natasha
  2475 | D:4      | Noticed a scorpion
  2486 | D:4      | Killed a scorpion
  2487 | D:4      | Gained mutation: You have a pair of small horns on your
                  | head. [demonic ancestry]
  2487 | D:4      | Reached XP level 5. HP: 27/43 MP: 5/5
  2676 | D:4      | Found Qoag's Antique Armour Shoppe.
  2697 | D:4      | Found a shimmering blue altar of Sif Muna.
  2754 | D:4      | Found an ancient bone altar of Kikubaaqudgha.
  2764 | D:4      | Found a bloodstained altar of Trog.
  2770 | D:4      | Found a stormy altar of Qazlal.
  2854 | D:4      | Reached skill level 5 in Fighting
  2954 | D:4      | Found a radiant altar of Vehumet.
  2969 | D:4      | Found a blossoming altar of Fedhas.
  2969 | D:4      | Found a sparkling altar of Nemelex Xobeh.
  3034 | D:4      | Found Healouw's Distillery.
  3366 | D:5      | Entered Level 5 of the Dungeon
  3366 | D:5      | Found an opulent altar of Gozag.
  3372 | D:5      | Noticed an ogre
  3379 | D:5      | Killed an ogre
  3380 | D:5      | Reached XP level 6. HP: 51/51 MP: 6/6
  3454 | D:5      | Noticed an ice beast
  3467 | D:5      | Killed an ice beast
  3746 | D:5      | Found a runed translucent gate.
  3750 | D:5      | Found a runed translucent gate.
  3750 | D:5      | Found a runed translucent gate.
  3750 | D:5      | Noticed rundlesten's ghost (novice OpHW)
  3813 | D:5      | Reached skill level 6 in Fighting
  3813 | D:5      | Reached XP level 7. HP: 58/58 MP: 7/7
  5250 | D:5      | Noticed Blork the orc
  5257 | D:5      | Killed Blork the orc
  5258 | D:5      | Reached skill level 7 in Fighting
  5258 | D:5      | Reached skill level 1 in Maces & Flails
  5473 | D:5      | Identified the +1 leather armour of Free Will {rC+}
  5580 | D:6      | Reached skill level 5 in Shields
  5580 | D:6      | Reached XP level 8. HP: 28/67 MP: 8/8
  5860 | D:6      | Found a transporter.
  5877 | D:6      | Identified the +7 spear "Penytuv" {elec, rF++ Will+}
  5877 | D:6      | Identified the -2 kite shield of the Hills {rPois}
  5898 | D:6      | Noticed booth's ghost (novice HOMo)
  5900 | D:6      | Found a transporter.
  6094 | D:6      | Reached skill level 8 in Fighting
  7692 | D:7      | Gained mutation: When seriously injured, your blood forms
                  | very thick armour. (AC +12) [demonic ancestry]
  7692 | D:7      | Reached XP level 9. HP: 51/75 MP: 9/9
  7720 | D:7      | Reached skill level 9 in Fighting
  8042 | D:7      | Found a staircase to the Ecumenical Temple.
  8052 | Temple   | Entered the Ecumenical Temple
  8297 | Temple   | Became a worshipper of Dithmenos the Shadowed
  8462 | D:7      | Noticed a deep elf pyromancer
  8756 | D:7      | Found a shimmering altar of Xom.
  8843 | D:7      | HP: 2/78 [fire elemental[a deep elf pyromancer] (9)]
  8843 | D:7      | Slain by a fire elemental

Illustrated notes

Levels and vault maps discovered:
D:1:      minmay_arrival_four_loops, layout_loops_ring
D:2:      layout_rooms, basic_altar
D:3:      layout_loops_ring, uniq_natasha
D:4:      layout_basic, lemuel_doored_altar, grunt_temple_overflow_open,
          general_overflow_altar, minmay_overflow_temple_star_quad,
          serial_shops, nicolae_shop_back_alley_shop, nicolae_shop_behind_doors
D:5:      layout_layer_cave, nicolae_gozag_cash_rules_everything_around_me,
          biasface_ghost_orc_armoury, uniq_blork_the_orc
D:6:      layout_basic, gammafunk_ghost_gnarly_gnolls, nrook_loot_triangle
D:7:      layout_loops_corners, mainiacjoe_overflow_chevrons,
          mainiacjoe_overflow_six_doors_small, minmay_temple_entry_arrows,
          kennysheep_flooded_box, hangedman_minor_gate_pass
Temple:   minmay_temple_curvy_loop

Skill      XL: |  1  2  3  4  5  6  7  8  9 |
---------------+----------------------------+-----
Axes           | 2 3 4 |  4.1
Shields        | 3 4 5 6 |  6.5
Fighting       | 4 5 6 7 8 9 |  9.7
Maces & Flails | 1 3 4 |  4.3
Armour         | |  2.7

Action                     |  1- 3 |  4- 6 |  7- 9 || total
---------------------------+-------+-------+-------++-------
  Melee: War axe           |   136 |   107 |    37 ||   280
         Headbutt          |       |    11 |    46 ||    57
         Morningstar       |       |       |   183 ||   183
  Evoke: Wand              |       |       |     1 ||     1
    Use: Scroll            |     4 |     7 |     5 ||    16
         Potion            |       |       |     9 ||     9
 Armour: Scale mail        |    97 |    58 |   134 ||   289
  Dodge: Dodged            |    89 |    49 |   125 ||   263
  Block: Buckler           |    42 |    19 |    82 ||   143
